Unix NetHack Version 5.0.0-0 post-release - last build Jun 10 2026 00:39:30 (3ee93aec679c4c4259841fe613dc97188e26a321,branch:main).

Game began 2026-07-11 15:18:38, ended 2026-07-11 15:28:22.

Coineanach, neutral male human Barbarian

                                      .-----
                                      .@.).|
                                      .h...---
                                         .)...
                                         .....
                                           <..

Coineanach the Pillager    St:18/02 Dx:16 Co:18 In:7 Wi:8 Ch:6  Neutral
Dlvl:5  $:62 HP:0(35) Pw:4(4) AC:5  Xp:3 T:1980 

Latest messages:
 There is a gecko corpse here; eat it? [ynq] (n)
 This gecko corpse is fatty.
 You finish eating the gecko corpse.
 You learn more about your items by comparing them.
 d - an uncursed food ration (4 in total).
 w - a scroll labeled FNORD.
 The door opens.
 Something is written here in the dust.
 You read: " d ?e arium".
 With great effort you move the boulder.
 $ - 6 gold pieces (62 in total).
 The hobgoblin hits!
 You kill the hobgoblin!
 You see here an orcish helm.
 x - an orcish helm.
 What do you want to wear? [x or ?*]
 You finish your dressing maneuver.
 You descend the stairs.
 You climb up the stairs.
 You remember this level as vault.
 You find a hidden passage.
 You find a hidden door.
 The door opens.
 You descend the stairs.
 You smite the gnome lord!
 The gnome lord escapes upstairs!
 You are hit by an arrow!
 You kill the gnome!
 An arrow misses you.
 y - 14 crossbow bolts.
 z - a crossbow.
 An arrow misses you.
 #
 You are hit by a dagger.
 You are almost hit by an arrow.
 You miss the dwarf.
 The dwarf thrusts his dwarvish short sword.
 The dwarf hits!
 You miss the dwarf.
 The dwarf thrusts his dwarvish short sword.
 The dwarf hits!
 You are hit by an arrow!
 You miss the dwarf.
 The dwarf thrusts his dwarvish short sword.
 The dwarf hits!
 You die...
 Do you want your possessions identified? [ynq] (y)
 Do you want to see your attributes? [ynq] (y)
 Do you want an account of creatures vanquished? [ynaq] (y)
 Do you want to see your conduct and achievements? [ynq] (y)

Inventory:
 Coins    ('$')
  $ - 62 gold pieces
 Weapons  (')')
  y - 14 +0 crossbow bolts
  z - a +0 crossbow
  o - 6 +0 darts
  b - a +0 short sword (alternate weapon; not wielded)
 Armor    ('[')
  x - a cursed +0 orcish helm (being worn)
  g - an uncursed rotted +0 pair of leather gloves (being worn)
  q - an uncursed +0 elven cloak (being worn)
  c - an uncursed +0 ring mail (being worn)
 Comestibles  ('%')
  d - 4 uncursed food rations
  p - a cursed food ration
  e - an uncursed pancake
  u - 2 uncursed tripe rations
 Scrolls  ('?')
  s - 2 uncursed scrolls of enchant armor
  l - an uncursed scroll of identify
  w - an uncursed scroll of light
 Potions  ('!')
  v - an uncursed potion of extra healing
  k - an uncursed potion of monster detection
  i - an uncursed potion of water
 Tools    ('(')
  r - an uncursed tin whistle

Coineanach the Barbarian's attributes:

Background:
 You were a Pillager, a level 3 male human Barbarian.
 You were neutral, nominally on a mission for Crom
 who was opposed by Mitra (lawful) and Set (chaotic).
 You were right-handed.
 You were in the Gnomish Mines, on level 5.
 You entered the dungeon 1980 turns ago.
 You had 73 experience points, 7 more were needed to attain level 4.

Basics:
 You had 0 out of 35 hit points.
 You had all 4 energy points (spell power).
 Your armor class was 5.
 Your wallet contained 62 zorkmids.
 Autopickup was off.

Final Characteristics:
 Your strength was 18/02 (limit:18/100).
 Your dexterity was 16 (limit:18).
 Your constitution was 18 (limit:18).
 Your intelligence was 7 (limit:18).
 Your wisdom was 8 (limit:18).
 Your charisma was 6 (limit:18).

Final Status:
 You weren't hungry.
 You were unencumbered.
 You were empty handed.
 You had basic skill with bare handed combat.

Final Attributes:
 You were devoutly aligned.
 You were poison resistant.
 You were stealthy.
 You were warded.
 You are dead.

Miscellaneous:
 You didn't encounter any bones levels.
 Total elapsed playing time was 9 minutes and 43 seconds.

Major events:
 Turn
    1: Coineanach the neutral male human Barbarian entered the dungeon
 1470: attained the rank of Pillager (level 3)
 1966: entered the Gnomish Mines
 1980: killed by a dwarf

You didn't know any spells.

Skills:
 Fighting Skills
   bare handed combat [Basic]
   two weapon combat  [Unskilled]
   riding             [Unskilled]
 Weapon Skills
   dagger             [Unskilled]
   axe                [Basic]
   pick-axe           [Unskilled]
   short sword        [Basic]
   broadsword         [Unskilled]
   long sword         [Unskilled]
   two-handed sword   [Unskilled]
   saber              [Unskilled]
   club               [Unskilled]
   mace               [Unskilled]
   morning star       [Unskilled]
   flail              [Unskilled]
   hammer             [Unskilled]
   quarterstaff       [Unskilled]
   spear              [Unskilled]
   trident            [Unskilled]
   bow                [Unskilled]
 Spellcasting Skills
   attack spells      [Unskilled]
   escape spells      [Unskilled]

Voluntary challenges:
 Character rerolling was not enabled.
 You were an atheist.
 You never genocided any monsters.
 You never polymorphed an object.
 You never changed form.
 You used no wishes.
Achievements:
 You attained the rank of Pillager.
 You entered the Gnomish Mines.

 The Dungeons of Doom: levels 1 to 5
    Level 1:
    Level 2: "dull spb"
       A grave.
    Level 3: "vault"
       A fountain.
    Level 4: "vault"
       A fountain.
       Stairs down to The Gnomish Mines.
    Level 5:
 The Gnomish Mines:
    Level 5: <- You were here.
       Final resting place for
          you, killed by a dwarf.


Vanquished creatures:
  3 hobgoblins
  a gnome
  2 geckos
  3 jackals
  a kobold
  2 goblins
 10 grid bugs
  3 lichens
  a kobold zombie
  4 newts
30 creatures vanquished.

No species were genocided or became extinct.

Game over:
                       ----------
                      /          \
                     /    REST    \
                    /      IN      \
                   /     PEACE      \
                  /                  \
                  |    Coineanach    |
                  |      62 Au       |
                  |   killed by a    |
                  |      dwarf       |
                  |                  |
                  |                  |
                  |       2026       |
                 *|     *  *  *      | *
        _________)/\\_//(\/(/\)/\//\/|_)_______

Goodbye Coineanach the Barbarian...

You died in The Gnomish Mines on dungeon level 5 with 548 points,
and 62 pieces of gold, after 1980 moves.
You were level 3 with a maximum of 35 hit points when you died.

